 Dungeon Crawl Stone Soup version 0.30-a0-913-g9934a0ce24 (webtiles) character file.

Game seed: 10316122909435036750

570 Darius099 the Sneak (level 7, 0/49 HPs)
             Began as an Octopode Brigand on Mar 20, 2023.
             Slain by a gnoll
             ... wielding a +0 whip
             ... led by a gnoll bouda
              (7 damage)
             ... on level 5 of the Dungeon.
             The game lasted 00:11:02 (4333 turns).

Darius099 the Sneak (Octopode Brigand)              Turns: 4333, Time: 00:11:03

Health: 0/49       AC:  1    Str: 17    XL:     7   Next: 34%
Magic:  0/7        EV: 13    Int: 13    God:
Gold:   329        SH:  0    Dex: 15    Spells: 4/6 levels left

rFire   . . .      SeeInvis .    a - +3 dagger
rCold   . . .      Faith    .    (no shield)
rNeg    . . .      Spirit   +    (helmet restricted)
rPois   +          Reflect  .    f - amulet of guardian spirit
rElec   .          Rampage  .    e - +4 ring of slaying
rCorr   +                        h - ring of resist corrosion
Will    .....                    s - ring of poison resistance
Stlth   +++++                    o - +6 ring of strength
HPRegen 0.28/turn                (no ring)
MPRegen 0.10/turn                (no ring)
                                 (no ring)
                                 (no ring)

@: studying Maces & Flails
A: almost no armour, amphibious, 8 rings, camouflage 1, gelatinous body 1,
(nimble swimmer 1), tentacles
a: no special abilities


You were on level 5 of the Dungeon.
You visited 1 branch of the dungeon, and saw 5 of its levels.

You collected 329 gold pieces.

Inventory:

Hand Weapons
 a - a +3 dagger (weapon)
Missiles
 b - 11 poisoned darts (quivered)
 c - 3 curare-tipped darts
Jewellery
 e - a +4 ring of slaying (left tentacle)
 f - an amulet of guardian spirit (around mantle)
 h - a ring of resist corrosion (right tentacle)
 m - a ring of fire
 o - a +6 ring of strength (on tentacle)
 s - a ring of poison resistance (on tentacle)
Scrolls
 l - a scroll of teleportation
 n - a scroll of identify
 t - a scroll of acquirement {unknown}
 u - 2 scrolls of fear {unknown}
Potions
 d - a potion of berserk rage {unknown}
 g - 2 potions of heal wounds {unknown}
 i - 3 potions of might {unknown}
 j - 2 potions of mutation {unknown}
 k - a potion of flight {unknown}
 p - 5 potions of curing
 q - a potion of magic {unknown}
 r - a potion of degeneration {unknown}
 v - a potion of resistance {unknown}
 w - a potion of cancellation {unknown}
 x - 2 potions of ambrosia {unknown}
 z - a potion of attraction {unknown}
 A - a potion of brilliance {unknown}


   Skills:
 + Level 4.5 Fighting
 + Level 4.5 Short Blades
 - Level 2.6 Throwing
 - Level 2.0 Dodging
 + Level 7.9 Stealth


You had 4 spell levels left.
You knew the following spells:

 Your Spells              Type           Power      Damage    Failure   Level
a - Blink                 Tloc           0%         N/A       43%         2

Your spell library contained the following spells:

 Spells                   Type           Power      Damage    Failure   Level
 Magic Dart               Conj           0%         1d3       30%         1
 Searing Ray              Conj           0%         2d4       43%         2
 Static Discharge         Conj/Air       0%         2-2/arc   43%         2
 Sublimation of Blood     Necr           0%         N/A       43%         2
 Wereblood                Tmut           0%         N/A       43%         2
 Vhi's Electric Charge    Tloc/Air       0%         N/A       67%         3
 Fulminant Prism          Conj/Hex       0%         3d5       97%         4
 Manifold Assault         Tloc           0%         N/A       97%         4
 Arcjolt                  Conj/Air       0%         1d10      100%        5
 Plasma Beam              Fire/Air       0%         2x1d11    100%        5
 Storm Form               Tmut/Air       0%         N/A       100%        7
 Summon Hydra             Summ           0%         N/A       100%        7


Dungeon Overview and Level Annotations

Branches:
Dungeon (5/15)
 Temple: D:4-7

Altars:
Elyvilon


Innate Abilities, Weirdness & Mutations

You cannot wear most types of armour.
You are amphibious.
You can wear up to eight rings at the same time.
Your skin changes colour to match your surroundings (Stealth+).
Your rubbery body absorbs attacks. (AC +1, EV +1)
((You are camouflaged when in or above water. (Stealth+)))
You have tentacles for arms and can constrict up to eight enemies at once.


Message History

A gnoll bouda comes into view. It is wielding a +0 whip of venom.
A gnoll comes into view. It is wielding a +0 whip.
A gnoll comes into view. It is wielding a +0 club.
A gnoll comes into view. It is wielding a +0 spear.
Found a gold piece.
The orc shouts!
The gnoll bouda shouts!
The gnoll shouts! x3
The orc barely misses you.
The gnoll hits you from afar with a +0 spear!
The gnoll shouts!
You hit the orc. You grab the orc. You squeeze the orc.
You kill the orc!
You see here a +0 hand axe.
The gnoll bouda barks out a call to the hunt!
The gnolls pick up the pace!
The gnoll hits you from afar with a +0 spear.
You puncture the gnoll! Your grab misses the gnoll.
The gnoll is heavily wounded.
The gnoll hits you from afar with a +0 spear!
The gnoll hits you with a +0 flail!
You puncture the gnoll!
You kill the gnoll!
The gnoll hits you from afar with a +0 spear!
* * * LOW HITPOINT WARNING * * *
The gnoll barely misses you.
The gnoll hits you from afar with a +0 spear.
* * * LOW HITPOINT WARNING * * *
You hit the gnoll. Your grab misses the gnoll.
The gnoll is moderately wounded.
The gnoll closely misses you. The gnoll misses you.
You barely miss the gnoll. Your grab misses the gnoll. You squeeze the gnoll!
The gnoll is heavily wounded.
The gnoll is no longer moving quickly. x2; The gnoll closely misses you.
The gnoll hits you with a +0 whip.
* * * LOW HITPOINT WARNING * * *
The gnoll barely misses you.
You puncture the gnoll!
You kill the gnoll!
The gnoll hits you with a +0 whip!
You die...

#..############### ....####.
######.........[.#####.........
#..............gg...⌠####......
.$.....).....).ggg...#..###....
.......#########g)g..#....##..[
....####.......###g[##.....#...
..###....†.[....†..(#........##
. #........⌠)..gg...#.....†.†##
#...........@)..###........##
##..###.......####........#...
#.....#########..........##...
#......................###....
#⌠...................### ....
#####...........###### ....
#############


You could see a gnoll bouda and 2 gnolls.

Vanquished Creatures
  2 scorpions (D:5)
  4 hounds
  An orc priest (D:4)
  A sleepcap (D:5)
  3 iguanas
  3 gnolls
  6 adders
  An ufetubus (D:5)
  5 worms
  A dart slug (D:1)
  5 orcs
  5 bats
  5 endoplasms
  3 giant cockroaches
  5 goblins
  7 hobgoblins
  8 jackals
  5 kobolds
  3 quokkas
  18 ball pythons
  6 frilled lizards
  12 rats
109 creatures vanquished.

Notes
Turn   | Place    | Note
-------+----------+-------------------------------------------
     0 | D:1      | Darius099 the Octopode Brigand began the quest for the Orb.
     0 | D:1      | Reached XP level 1. HP: 14/14 MP: 1/1
   283 | D:1      | Reached XP level 2. HP: 19/19 MP: 2/2
   518 | D:1      | Reached XP level 3. HP: 21/24 MP: 3/3
  1280 | D:2      | Reached XP level 4. HP: 21/30 MP: 4/4
  1372 | D:2      | Found a faded altar of an unknown god.
  1803 | D:2      | Found a white marble altar of Elyvilon.
  2170 | D:2      | Learned a level 2 spell: Blink
  2178 | D:3      | Reached skill level 6 in Stealth
  2309 | D:3      | Reached XP level 5. HP: 35/36 MP: 5/5
  3470 | D:4      | Reached XP level 6. HP: 32/42 MP: 4/6
  3700 | D:4      | Reached skill level 7 in Stealth
  3955 | D:5      | Entered Level 5 of the Dungeon
  4015 | D:5      | Reached XP level 7. HP: 48/48 MP: 7/7
  4333 | D:5      | Slain by a gnoll

Illustrated notes

Levels and vault maps discovered:
D:1:      dpeg_arrival_water_fire, layout_basic, minivault_24, st_stairs_10,
          wad_floor_pattern_untrapped, minmay_nonomino_d4
D:2:      layout_basic, dreamdust_ecumenical_altar_angels_and_demons,
          basic_altar, minmay_fractal_squares_5
D:3:      layout_basic
D:4:      layout_gridville, minmay_manual_mail
D:5:      kennysheep_spiral_hall, layout_rooms,
          minmay_temple_entry_purple_smoke, serial_curves, eino_curves_04,
          eino_curves_02, eino_curves_02, eino_curves_03,
          hangedman_abyss_or_decor_stagger

Skill      XL: |  1  2  3  4  5  6 |
---------------+-------------------+-----
Dodging        | 2 |  2.0
Stealth        | 6 7 |  7.9
Fighting       | 3 4 |  4.5
Short Blades   | 3 4 |  4.5
Throwing       | |  2.6

Action                     |  1- 3 |  4- 6 |  7- 9 || total
---------------------------+-------+-------+-------++-------
  Melee: Dagger            |    60 |    96 |    22 ||   178
         Tentacles         |    10 |    13 |     5 ||    28
         Constrict         |    14 |    15 |     4 ||    33
         Punch             |       |     1 |       ||     1
    Use: Scroll            |       |     6 |     1 ||     7
   Stab: Sleeping          |    11 |    20 |     3 ||    34
         Distracted        |     1 |     3 |       ||     4
 Armour: Skin              |     4 |     2 |     1 ||     7
  Dodge: Dodged            |    25 |    46 |    12 ||    83

Table legend: (Time is in decaauts)
 A = Elapsed time spent in this place.
 B = Non-inter-level travel time spent in this place.
 C = Inter-level travel time spent in this place.
 D = Time resting spent in this place.
 E = Time spent auto-exploring this place.
 F = Levels seen in this place.
 G = Mean time per level.
                   A        B        C        D        E       F      G
               +--------+--------+--------+--------+--------+-----+--------+
         Total |   4303 |   4090 |    213 |    384 |   2677 |   5 |  860.6 |
       Dungeon |   4303 |   4090 |    213 |    384 |   2677 |   5 |  860.6 |
               +--------+--------+--------+--------+--------+-----+--------+

Top non-repeatable levels by time:
     D:1: 1220 daAuts
     D:2: 938 daAuts
     D:4: 915 daAuts
     D:3: 856 daAuts
     D:5: 371 daAuts
